 Dungeon Crawl Stone Soup version 0.20.0-8-g6b59dc7 (webtiles) character file.

122 Gorglomux the Grasshopper (level 4, -2/23 HPs)
             Began as a Spriggan Warper on May 31, 2017.
             Killed from afar by an orc wizard (9 damage)
             ... with a puff of flame
             ... on level 3 of the Dungeon.
             The game lasted 00:05:54 (3122 turns).

Gorglomux the Grasshopper (Spriggan Warper)         Turns: 3122, Time: 00:05:55

Health: -2/23      AC:  2    Str:  7    XL:     4   Next: 78%
Magic:  8/9        EV: 19    Int: 14    God:
Gold:   91         SH:  0    Dex: 16    Spells: 4/8 levels left

rFire    . . .     SeeInvis +   a - +0 short sword
rCold    . . .     Gourm    .   (shield restricted)
rNeg     . . .     Faith    .   b - +0 robe
rPois    +         Spirit   .   (helmet restricted)
rElec    .         Reflect  .   (no cloak)
rCorr    .         Harm     .   (gloves unavailable)
MR       .....                  (boots unavailable)
Stlth    ++++......             (no amulet)
Regen    0.1/turn               x - ring of stealth
MPRegen  0.2/turn               o - ring of poison resistance

@: shrouded (expiring), very quick
A: unfitting armour, see invisible, herbivore 3, speed 3, slow metabolism 2
a: no special abilities


You were on level 3 of the Dungeon.
You were hungry.

You visited 1 branch of the dungeon, and saw 3 of its levels.

You collected 91 gold pieces.

Inventory:

Hand Weapons
 a - a +0 short sword (weapon)
Missiles
 e - 3 tomahawks of dispersal
 E - 154 stones (quivered)
 J - 4 curare-tipped needles
 V - 4 tomahawks
 W - 76 arrows
Armour
 b - a +0 robe (worn)
Jewellery
 o - a ring of poison resistance (right hand)
 x - a ring of stealth (left hand)
Scrolls
 B - 2 scrolls of blinking
 I - 2 scrolls of fog {unknown}
 Q - a scroll of fear {unknown}
 R - a scroll of remove curse {unknown}
 S - a scroll of magic mapping {unknown}
 T - 2 scrolls of teleportation
 U - a scroll of noise {unknown}
 X - a scroll of enchant weapon {unknown}
 Y - a scroll of enchant armour {unknown}
Potions
 D - a potion of agility
 Z - a potion of curing {unknown}
Books
 c - a book of Spatial Translocations

   Spells                             Type                      Level
   a - Blink                          Translocation                2
   b - Shroud of Golubria             Charms/Translocation         2
   c - Lesser Beckoning               Translocation                3
   d - Gell's Gravitas                Translocation                3
   e - Teleport Other                 Translocation                3
   f - Passage of Golubria            Translocation                4
Comestibles
 f - 3 bread rations
 F - 5 fruits
 G - a royal jelly


   Skills:
 + Level 2.2 Fighting
 + Level 3.1 Short Blades
 - Level 1.0 Throwing
 + Level 3.9 Dodging
 + Level 3.5 Stealth
 - Level 2.6 Spellcasting
 + Level 2.6 Charms
 + Level 4.8 Translocations


You had 4 spell levels left.
You knew the following spells:

 Your Spells              Type           Power        Failure   Level  Hunger
d - Blink                 Tloc           N/A          4%          2    ###....
h - Shroud of Golubria    Chrm/Tloc      ##........   7%          2    ###....


Dungeon Overview and Level Annotations

Branches:
Dungeon (3/15)

Altars:
Ru

Annotations:
D:2 Sigmund
D:3 exclusion: orc wizard


Innate Abilities, Weirdness & Mutations

You are very small and have problems with some larger weapons.
You are too small for most types of armour.
You have supernaturally acute eyesight. (SInv)
You are a herbivore.
You cover ground extremely quickly.
You need consume almost no food.


Message History

The orc wizard is severely wounded.
The orc wizard gestures at you while chanting.
The magic dart hits you!
You barely miss the orc wizard.
The orc wizard is severely wounded.
The orc wizard mumbles some strange words.
The orc wizard flickers and vanishes for a moment.
The orc wizard barely misses you.
You closely miss the orc wizard.
The orc wizard is severely wounded.
Your shroud begins to fray at the edges.
The orc wizard gestures at you while chanting.
The orc wizard resists with some effort.
The orc wizard casts a spell at you. The magic dart hits you!
You barely miss the orc wizard.
The orc wizard is severely wounded.
The orc wizard casts a spell at you. The puff of flame hits you!
You die...

#.##.##.######....###.#
#.##...............##.#
#.##..#.####..........#
#.##.....# #)......####
#.###.#..###.#....##
#.............o..##
#####.######.#o###
#........#o# ##########@#
#.# ############.########
#.........##........#
#.#######.##..#####.#
#.###....รท....# #>#
#.#.......#...#####.#######
#.#.#.###.#...............#
#.#.#.###......####.##.##.#


You could see 2 orc wizards and an orc.

Vanquished Creatures
  6 adders
  An ooze (D:2)
  A dart slug (D:1)
  3 leopard geckos
  3 orcs (D:3)
  2 giant cockroaches
  7 goblins
  5 hobgoblins
  2 jackals (D:1)
  A quokka (D:1)
  4 bats
  2 frilled lizards
  8 kobolds
  13 rats
58 creatures vanquished.

Notes
Turn   | Place    | Note
-------+----------+-------------------------------------------
     0 | D:1      | Gorglomux the Spriggan Warper began the quest for the Orb.
     0 | D:1      | Reached XP level 1. HP: 10/10 MP: 5/5
   386 | D:1      | Reached skill level 1 in Stealth
   443 | D:1      | Reached XP level 2. HP: 13/14 MP: 6/6
  1207 | D:2      | Learned a level 2 spell: Shroud of Golubria
  1210 | D:2      | Learned a level 2 spell: Blink
  1257 | D:2      | Reached XP level 3. HP: 18/18 MP: 8/8
  1349 | D:2      | Reached skill level 1 in Charms
  1414 | D:2      | Reached skill level 3 in Short Blades
  1427 | D:2      | Noticed Sigmund
  1924 | D:2      | Reached skill level 3 in Stealth
  1972 | D:3      | Reached XP level 4. HP: 23/23 MP: 9/9
  2777 | D:3      | Found a sacrificial altar of Ru.
  3122 | D:3      | Killed from afar by an orc wizard

Skill      XL: |  1  2  3  4 |
---------------+-------------+-----
Stealth        | 1 2 3 |  3.5
Charms         | 2 |  2.6
Short Blades   | 3 |  3.1
Fighting       | 2 |  2.2
Throwing       | |  1.0
Dodging        | |  3.9
Spellcasting   | |  2.6
Translocations | |  4.8

Action                   |  1- 3 |  4- 6 || total
-------------------------+-------+-------++-------
Melee: Short sword       |   153 |    72 ||   225
Throw: Stone             |     1 |       ||     1
       Tomahawk          |     2 |       ||     2
 Cast: Shroud of Golubri |     8 |     6 ||    14
  Use: Scroll            |     2 |       ||     2
 Stab: Sleeping          |    13 |     7 ||    20
       Distracted        |     1 |       ||     1
Armor: Robe              |    18 |     4 ||    22
Dodge: Dodged            |   134 |    47 ||   181
